 Dungeon Crawl Stone Soup version 0.24.1-8-ga250c9d538 (webtiles) character file.

Game seed: 7566722488687289276, levelgen mode: deterministic

744 Gwenloh the Stinger (level 7, -9/61 HPs)
             Began as a Naga Venom Mage on May 9, 2020.
             Was a Believer of Cheibriados.
             Mangled by an ice beast (12 damage)
             ... on level 5 of the Dungeon on May 10, 2020.
             The game lasted 00:29:53 (4240 turns).

Gwenloh the Stinger (Naga Venom Mage)               Turns: 4240, Time: 00:29:54

Health: -9/61      AC:  5    Str: 16    XL:     7   Next: 76%
Magic:  2/11       EV: 11    Int: 24    God:    Cheibriados [**....]
Gold:   269        SH:  0    Dex: 17    Spells: 2/12 levels left

rFire    . . .     SeeInvis +   q - +0 dagger (venom)
rCold    . . .     Gourm    .   (no shield)
rNeg     . . .     Faith    .   a - +0 robe
rPois    +         Spirit   .   m - +1 helmet
rElec    .         Reflect  .   (no cloak)
rCorr    +         Harm     .   (no gloves)
MR       .....                  (no barding)
Stlth    +++.......             r - amulet of regeneration (curse)
HPRegen  0.60/turn              u - ring of resist corrosion
MPRegen  0.12/turn              (no ring)

@: very slow
A: large, see invisible, deformed body, poison resistance, slowness 2, slow
metabolism 1, spit poison 1, AC +2
a: Spit Poison, Bend Time, Renounce Religion


You were on level 5 of the Dungeon.
You worshipped Cheibriados.
Cheibriados was pleased with you.
You were not hungry.

You visited 1 branch of the dungeon, and saw 5 of its levels.

You collected 269 gold pieces.

Inventory:

Hand Weapons
 d - a +0 short sword
 q - a +0 dagger of venom (weapon)
 w - a +1 dagger of draining
Missiles
 e - 97 stones (quivered)
Armour
 a - a +0 robe (worn)
 m - a +1 helmet (worn)
Jewellery
 r - a cursed amulet of regeneration (around neck)
 t - an uncursed amulet of the gourmand {unknown}
 u - a ring of resist corrosion (left hand)
 F - a cursed ring of attention {unknown}
Wands
 A - a wand of iceblast (3)
Scrolls
 g - a scroll of fog {unknown}
 i - 3 scrolls of remove curse {unknown}
 k - a scroll of enchant weapon {unknown}
 l - 3 scrolls of teleportation {unknown}
 n - 2 scrolls of fear {unknown}
 x - a scroll of identify {unknown}
 y - a scroll of magic mapping {unknown}
 D - a scroll of noise {unknown}
Potions
 b - a potion of resistance {unknown}
 f - 3 potions of brilliance {unknown}
 h - 3 potions of might {unknown}
 j - 2 potions of curing {unknown}
 o - 3 potions of degeneration {unknown}
 p - a potion of agility {unknown}
 s - 3 potions of lignification {unknown}
 v - a potion of ambrosia {unknown}
 z - a potion of cancellation {unknown}
 B - a potion of mutation {unknown}
 C - a potion of haste {unknown}
Comestibles
 c - 13 rations
 E - 4 chunks of flesh


   Skills:
 + Level 2.6 Fighting
 + Level 2.8 Dodging
 - Level 3.4 Stealth
 + Level 3.2 Spellcasting
 + Level 2.7 Conjurations
 + Level 2.6 Air Magic
 * Level 6.9 Poison Magic
 + Level 2.4 Invocations


You had 2 spell levels left.
You knew the following spells:

 Your Spells              Type           Power        Failure   Level  Hunger
a - Sting                 Conj/Pois      ####         1%          1    None
b - Poisonous Vapours     Pois/Air       ####..       2%          2    ##.....
c - Mephitic Cloud        Conj/Pois/Air  ###.....     6%          3    ###....
d - Olgreb's Toxic Radia  Pois           #####...     6%          4    ####...

Your spell library contained the following spells:

 Spells                   Type           Power        Failure   Level  Hunger
 Magic Dart               Conj           ###.         3%          1    None
 Blink                    Tloc           N/A          16%         2    ##.....
 Call Imp                 Summ           #.......     16%         2    ##.....
 Slow                     Hex            #.......     16%         2    ##.....
 Conjure Flame            Conj/Fire      ##......     19%         3    ###....
 Venom Bolt               Conj/Pois      ####......   36%         5    ######.


Dungeon Overview and Level Annotations

Branches:
Dungeon (5/15)
 Temple: D:4-7

Altars:
Cheibriados
Elyvilon

Annotations:
D:4 3 runed translucent doors, HASTUR3's ghost, amateur OpTm


Innate Abilities, Weirdness & Mutations

You cannot wear boots.
Your serpentine skin is tough. (AC +2)
You have supernaturally acute eyesight. (SInv)
Armour fits poorly on your strangely shaped body.
Your system is resistant to poisons. (rPois)
You cover ground very slowly.
You have a slow metabolism.
You can spit poison.


Message History

The ice beast hits you. The ice beast freezes you.
* * * LOW HITPOINT WARNING * * *
You hit the ice beast but do no damage.
The ice beast looks as sick as possible!
The ice beast is almost dead.
The ice beast hits you but does no damage.
Okay, then.
Okay, then.
Okay, then.
The flow of time bends around you.
The ice beast resists with some effort.
You feel slightly more hungry. The ice beast hits you.
* * * LOW HITPOINT WARNING * * *
The ice beast freezes you!
* * * LOW HITPOINT WARNING * * *
You hit the ice beast but do no damage.
The ice beast is almost dead.
The ice beast hits you.
* * * LOW HITPOINT WARNING * * *
The ice beast freezes you!
You die...

...(... ..(....
....... .(.....
##(...).. ##........
#########Y........
###.........@†......
....###..##........
##.###..###........
#..(...## ##.......
#...#### #......
##...##### ######
#####..........
#..............
#..##..........


You could see an ice beast.

Vanquished Creatures
  2 ogres (D:5)
  A bullfrog zombie (D:5)
  2 orc priests
  A bullfrog skeleton (D:5)
  An iguana (D:5)
  4 orc wizards
  4 worker ants
  3 gnolls (D:4)
  8 adders
  5 oozes
  A dart slug (D:3)
  3 leopard geckos
  13 orcs
  2 ball pythons
  5 bats
  3 giant cockroaches (D:1)
  15 goblins
  4 hobgoblins
  10 jackals
  8 kobolds
  3 frilled lizards
  7 rats
105 creatures vanquished.

Notes
Turn   | Place    | Note
-------+----------+-------------------------------------------
     0 | D:1      | Gwenloh the Naga Venom Mage began the quest for the Orb.
     0 | D:1      | Reached XP level 1. HP: 15/15 MP: 3/3
   158 | D:1      | Reached XP level 2. HP: 16/22 MP: 3/5
   179 | D:1      | Learned a level 2 spell: Poisonous Vapours
   500 | D:1      | Reached XP level 3. HP: 30/30 MP: 3/6
   544 | D:1      | Learned a level 3 spell: Mephitic Cloud
  1252 | D:2      | Reached skill level 1 in Fighting
  1732 | D:2      | Reached XP level 4. HP: 28/38 MP: 5/7
  1826 | D:2      | Reached skill level 1 in Air Magic
  1954 | D:2      | Found a snail-covered altar of Cheibriados.
  1959 | D:2      | Became a worshipper of Cheibriados the Contemplative
  2182 | D:3      | Reached skill level 5 in Poison Magic
  2522 | D:3      | Reached XP level 5. HP: 42/44 MP: 2/8
  2637 | D:3      | Reached * piety under Cheibriados
  2652 | D:3      | Reached skill level 1 in Invocations
  3136 | D:4      | Found a runed translucent gate.
  3136 | D:4      | Found a runed translucent gate.
  3137 | D:4      | Found a runed translucent gate.
  3169 | D:4      | Reached XP level 6. HP: 48/52 MP: 6/10
  3195 | D:4      | Learned a level 4 spell: Olgreb's Toxic Radiance
  3210 | D:4      | Reached ** piety under Cheibriados
  3321 | D:3      | Reached skill level 6 in Poison Magic
  3580 | D:4      | Noticed an ice beast
  3580 | D:4      | Noticed HASTUR3's ghost (amateur OpTm)
  3580 | D:4      | Noticed an ice beast
  3797 | D:4      | Found a white marble altar of Elyvilon.
  3985 | D:5      | Entered Level 5 of the Dungeon
  4002 | D:5      | Reached XP level 7. HP: 49/60 MP: 7/11
  4220 | D:5      | Reached *** piety under Cheibriados
  4240 | D:5      | HP: 3/61 [ice beast (2)]
  4240 | D:5      | Mangled by an ice beast

Levels and vault maps discovered:
D:1:      matt_arrival_los_fun, layout_basic
D:2:      layout_rooms, lemuel_doored_altar
D:3:      kennysheep_the_goblin_king, layout_basic, first_ration
D:4:      layout_basic, elyvilon_altar_3, gammafunk_ghost_icy,
          chequers_ossuary_entry_cave, minmay_liquid_box, chequers_avenue,
          glass_columns_b
D:5:      layout_rooms, basic_altar

Skill      XL: |  1  2  3  4  5  6 |
---------------+-------------------+-----
Fighting       | 1 2 |  2.6
Air Magic      | 1 2 |  2.6
Poison Magic   | 5 6 |  6.9
Dodging        | 2 |  2.8
Invocations    | 1 2 |  2.4
Conjurations   | 2 |  2.7
Spellcasting   | 3 |  3.2
Stealth        | |  3.4

Action                   |  1- 3 |  4- 6 |  7- 9 || total
-------------------------+-------+-------+-------++-------
Melee: Short sword       |    25 |       |       ||    25
       Dagger            |     8 |   121 |    49 ||   178
Throw: Stone             |     1 |     1 |     7 ||     9
 Cast: Sting             |    39 |    44 |     2 ||    85
       Poisonous Vapours |     8 |    16 |     8 ||    32
       Mephitic Cloud    |       |     3 |     2 ||     5
       Olgreb's Toxic Ra |       |     1 |       ||     1
Invok: Bend Time         |       |     2 |     2 ||     4
 Abil: Spit Poison       |     7 |     5 |       ||    12
  Eat: Chunk             |     3 |     6 |     2 ||    11
Armor: Robe              |     3 |    45 |     7 ||    55
Dodge: Dodged            |    23 |    81 |    22 ||   126
